 Dungeon Crawl Stone Soup version 0.30.1-3-gfc49f6343a (webtiles) character file.

Game seed: 14946779727753597453

18714 GeoRichter the Destroyer (level 12, -5/94 HPs)
             Began as a Demonspawn Hedge Wizard on Aug 4, 2023.
             Was an Elder of Vehumet.
             Hit by a silver javelin thrown by a minotaur (28 damage)
             ... in a Gauntlet.
             The game lasted 00:26:04 (15259 turns).

GeoRichter the Destroyer (Demonspawn Hedge Wizard) Turns: 15259, Time: 00:26:05

Health: -5/94      AC: 13    Str: 18    XL:     12   Next: 30%
Magic:  21/22      EV: 15    Int: 20    God:    Vehumet [****..]
Gold:   619        SH:  5    Dex: 15    Spells: 12/25 levels left

rFire   . . .        L - +1 whip "Vibikh" {flame, rCorr Str+3 Dex-3}
rCold   + . .        n - +0 buckler
rNeg    . . .        Q - +0 troll leather armour
rPois   .            c - +0 hat
rElec   .            (no cloak)
rCorr   +            v - +1 pair of gloves
SInv    .            J - +2 pair of boots
Will    .....        U - amulet "Faquapn" {RegenMP +Blink rC+ Str+3}
Stlth   ++           f - +6 ring of dexterity
HPRegen 1.15/turn    C - +4 ring of protection
MPRegen 0.58/turn

%: no teleportation
@: no status effects
A: antennae 2, foul stench 2, powered by death 2
a: Renounce Religion, Evoke Blink


You were in a Gauntlet.
You worshipped Vehumet.
Vehumet was greatly pleased with you.
You visited 2 branches of the dungeon, and saw 12 of its levels.
You also visited: Gauntlet.

You collected 715 gold pieces.
You spent 96 gold pieces at shops.

Inventory:

Hand Weapons
 y - a +2 short sword of speed
   (You took it off a kobold on level 4 of the Dungeon)
 L - the +1 whip "Vibikh" (weapon) {flame, rCorr Str+3 Dex-3}
   (You found it on level 8 of the Dungeon)

   Str:       It affects your strength (+3).
   Dex:       It affects your dexterity (-3).
   rCorr:     It protects you from acid and corrosion.
Missiles
 d - 5 datura-tipped darts
 h - 7 atropa-tipped darts
 I - 3 throwing nets {!f}
 R - a curare-tipped dart {!f}
Armour
 c - a +0 hat (worn)
 n - a +0 buckler (worn)
   (You found it on level 2 of the Dungeon)
 v - a +1 pair of gloves (worn)
   (You found it on level 3 of the Dungeon)
 w - a +2 robe of fire resistance
   (You bought it in a shop on level 2 of the Dungeon)
 J - a +2 pair of boots (worn)
   (You found it on level 7 of the Dungeon)
 Q - a +0 troll leather armour (worn)
   (You found it on level 10 of the Dungeon)
 X - a scarf of harm
   (You found it in a Gauntlet)
Jewellery
 f - a +6 ring of dexterity (left hand)
   (You found it on level 1 of the Dungeon)
 g - a ring of ice
   (You found it on level 1 of the Dungeon)
 o - an amulet of regeneration
   (You found it on level 2 of the Dungeon)
 C - a +4 ring of protection (right hand)
   (You found it on level 5 of the Dungeon)
 P - a ring of wizardry
   (You found it on level 9 of the Dungeon)
 U - the amulet "Faquapn" (around neck) {RegenMP +Blink rC+ Str+3}
   (You found it in a Gauntlet)

   [amulet of magic regeneration]

   It increases your rate of magic regeneration.
   Str:       It affects your strength (+3).
   rC:        It protects you from cold.
   +Blink:    It lets you blink.
Wands
 u - a wand of roots (18)
   (You found it on level 3 of the Dungeon)
 E - a wand of acid (2)
   (You found it on level 6 of the Dungeon)
 G - a wand of polymorph (7)
   (You found it on level 6 of the Dungeon)
 H - a wand of flame (12)
   (You found it on level 7 of the Dungeon)
Scrolls
 b - 2 scrolls of fear
 e - 5 scrolls of poison {!r}
 k - 8 scrolls of teleportation {@r4}
 l - 3 scrolls of immolation {unknown}
 r - 4 scrolls of blinking {unknown}
 s - a scroll of amnesia
 z - a scroll of torment {unknown}
 A - 2 scrolls of vulnerability {unknown}
 D - a scroll of enchant weapon {unknown}
 K - a scroll of fog {unknown}
Potions
 a - a potion of degeneration {unknown}
 i - a potion of heal wounds {@q2}
 j - 6 potions of curing {@q1}
 m - 5 potions of might
 p - 2 potions of flight {unknown}
 q - 2 potions of brilliance {unknown}
 t - 2 potions of berserk rage
 x - 3 potions of ambrosia
 B - a potion of lignification {unknown}
 F - 2 potions of resistance {unknown}
 N - 3 potions of magic
 O - 3 potions of haste {@q3}
 S - a potion of cancellation {unknown}
 T - a potion of invisibility {unknown}
Miscellaneous
 M - a phantom mirror (inert)
   (You found it on level 9 of the Dungeon)


   Skills:
 - Level 8.5 Fighting
 + Level 0.0 Armour
 - Level 8.2 Dodging
 - Level 1.7 Stealth
 - Level 4.0 Shields
 - Level 7.3 Spellcasting
 * Level 13.7 Conjurations
 - Level 1.0 Summonings
 - Level 0.8 Translocations
 - Level 3.0 Evocations


You had 12 spell levels left.
You knew the following spells:

 Your Spells              Type           Power      Damage    Failure   Level
a - Magic Dart            Conj           100%       1d8       1%          1
b - Iskenderun's Battles  Conj           58%        2d11      1%          5
c - Orb of Destruction    Conj           29%        9d9       11%         7

Your spell library contained the following spells:

 Spells                   Type           Power      Damage    Failure   Level
 Sticky Flame             Conj/Fire      34%        2d5       2%          4
 Static Discharge         Conj/Air       68%        2-5/arc   1%          2
 Mephitic Cloud           Conj/Pois/Air  25%        N/A       1%          3
 Fireball                 Conj/Fire      17%        3d9       6%          5
 Slow                     Hex            28%        N/A       14%         1
 Blink                    Tloc           20%        N/A       14%         2
 Call Imp                 Summ           22%        N/A       14%         2
 Cigotuvi's Dreadful Rot  Necr/Pois/Air  14%        N/A       22%         2
 Ensorcelled Hibernation  Hex/Ice        14%        N/A       22%         2
 Conjure Ball Lightning   Conj/Air       17%        3x3d6     30%         6
 Airstrike                Air            3%         2d(1-17)  32%         4
 Confusing Touch          Hex            7%         N/A       38%         3
 Spider Form              Tmut/Pois      7%         N/A       38%         3
 Vampiric Draining        Necr           7%         2d6       38%         3
 Manifold Assault         Tloc           10%        N/A       67%         4
 Summon Lightning Spire   Summ/Air       9%         N/A       73%         4
 Anguish                  Hex/Necr       3%         N/A       80%         4
 Alistair's Intoxication  Tmut/Pois      4%         N/A       98%         5
 Borgnjor's Vile Clutch   Necr/Erth      3%         N/A       98%         5
 Eringya's Noxious Bog    Tmut/Pois      3%         N/A       99%         6
 Storm Form               Tmut/Air       3%         N/A       100%        7


Dungeon Overview and Level Annotations

Branches:
Dungeon (10/15) Zot: 25132  Temple (0/1) D:7            Lair (2/5) D:10 Zot: 9818
    Orc (0/2) D:9         Gauntlet (1/1) Zot: 5407
  Swamp: Lair:2-3    Shoals: Lair:2-3     Snake: Lair:2-3    Spider: Lair:2-3

Altars:
Ashenzari
Fedhas
Gozag
Hepliaklqana
Kikubaaqudgha
Makhleb
Okawaru
Ru
Vehumet
Xom
Yredelemnul

Shops:
D:2 [   D:10 (

Annotations:
Gauntlet 8 transporters, exclusion: 2 lightning spires


Innate Abilities, Weirdness & Mutations

You have a pair of antennae on your head.
You sometimes emit foul miasma when damaged in melee.
You regenerate health from kills.


Message History

Aiming: Corrosive Bolt
Press: ? - help, Shift-Dir - straight line, f/p - minotaur
Aim: a minotaur, wielding a +0 bardiche, wearing a +0 plate armour and quivering silver javelins (lightly wounded, ally target, 88% to hit)
The bolt of acid misses the minotaur.
The minotaur hits you from afar with a +0 bardiche!!
Your minotaur throws a silver javelin.
The silver javelin pierces through the minotaur!!
Aiming: Corrosive Bolt
Press: ? - help, Shift-Dir - straight line, p - minotaur The bolt of acid hits the minotaur!
The minotaur is heavily wounded.
Your minotaur shimmers and vanishes!
The minotaur throws a silver javelin.
The silver javelin pierces through you. The silver sears you!
Aiming: Corrosive Bolt
Press: ? - help, Shift-Dir - straight line The bolt of acid hits the minotaur but does no damage.
The minotaur is heavily wounded.
The minotaur misses you.
Aiming: Corrosive Bolt
Press: ? - help, Shift-Dir - straight line The bolt of acid hits the minotaur but does no damage.
The minotaur is heavily wounded.
The minotaur hits you from afar with a +0 bardiche.
Aiming: Corrosive Bolt
Press: ? - help, Shift-Dir - straight line The bolt of acid hits the minotaur!
The acid corrodes the minotaur!
The minotaur is heavily wounded.
The minotaur throws a silver javelin.
The silver javelin pierces through you but does no damage.
The silver sears you!
Aiming: Magic Dart (safe; 1% risk of failure)
Press: ? - help, Q - select action, (/) - cycle Shift-Dir - straight line The magic dart hits the minotaur.
The minotaur is severely wounded.
Your battlesphere fires!
The barrage of energy hits the minotaur.
The minotaur is severely wounded.
The minotaur hits you from afar with a +0 bardiche!!
* * * LOW HITPOINT WARNING * * *
Aiming: Magic Dart (safe; 1% risk of failure)
Press: ? - help, Q - select action, (/) - cycle Shift-Dir - straight line The magic dart hits the minotaur but does no damage.
The minotaur is severely wounded.
Your battlesphere fires!
The barrage of energy hits the minotaur!!
The minotaur is almost dead.
The minotaur throws a silver javelin.
The silver javelin pierces through you!!
You die...

##...#GGu#.# #≈...#######
# ### ###.......... #.
... .# ##.8.....8.
##.##.###..##≈.........
8..........##...######
...#.#....#...#[?#.#
#######.#.#.©8.#...###..#
?8[8.8#.@.#....#...##.##.
......H.###.©8.#.8.#h.#©#
?8}8.8#...#....#...###..#
#######.#.#.©8.#...##.##.
#.....#.#....#...#?.#h#
#8..........##...######
##.##.###..##≈.........
#........####.8.....8.
############..........


You could see a minotaur (corroded).

Vanquished Creatures
  3 two-headed ogres
  Pikel (D:6)
  A moth of wrath (Gauntlet)
  2 cane toads (Lair:1)
  An unseen horror (D:7)
  A kobold demonologist (D:10)
  A troll (D:10)
  6 polar bears (Lair:1)
  Prince Ribbit (D:6)
  7 shadows
  42 yaks
  A wyvern (D:9)
  2 steam dragons
  A basilisk (Lair:1)
  Menkaure (D:6)
  3 redbacks (Gauntlet)
  5 water moccasins
  An orc warrior (D:10)
  5 sky beasts
  3 black bears
  An ogre (D:6)
  14 wolves
  2 phantoms (D:6)
  2 centaurs
  A lemure (D:6)
  3 kobold brigands
  5 bullfrogs
  A scorpion (D:5)
  4 wights (D:8)
  11 killer bees
  A vampire bat (D:5)
  A howler monkey (D:9)
  3 electric eels (D:10)
  A jelly (D:7)
  8 hounds
  2 orc priests
  3 gnoll boudas
  2 sleepcaps
  2 iguanas
  Ijyb (D:5)
  2 orc wizards (D:9)
  2 human simulacra (D:9)
  Robin (D:5)
  16 gnolls
  10 adders
  A white imp (D:5)
  3 ufetubi
  A worm (D:5)
  4 dart slugs
  20 orcs
  9 ball pythons
  11 endoplasms
  5 giant cockroaches
  7 hobgoblins
  2 quokkas
  9 bats
  A frilled lizard (D:3)
  7 goblins
  19 kobolds
  4 rats
290 creatures vanquished.

Vanquished Creatures (others)
  An orc wizard (D:10)
1 creature vanquished.

Grand Total: 291 creatures vanquished

Notes
Turn   | Place    | Note
-------+----------+-------------------------------------------
     0 | D:1      | GeoRichter the Demonspawn Hedge Wizard began the quest for
                  | the Orb.
     0 | D:1      | Reached XP level 1. HP: 13/13 MP: 4/4
   245 | D:1      | Reached skill level 2 in Conjurations
   305 | D:1      | Gained mutation: You may rarely emit foul miasma when
                  | damaged in melee. [demonic ancestry]
   305 | D:1      | Reached XP level 2. HP: 16/19 MP: 1/6
  1360 | D:2      | Found Muky's Antique Armour Shoppe.
  1489 | D:2      | Reached skill level 3 in Conjurations
  1561 | D:2      | Gained mutation: You regenerate a little health from kills.
                  | [demonic ancestry]
  1561 | D:2      | Reached XP level 3. HP: 24/24 MP: 4/7
  1698 | D:3      | Found a faded altar of an unknown god.
  2164 | D:2      | Bought a glowing robe for 96 gold pieces
  2493 | D:3      | Found a faded altar of an unknown god.
  2500 | D:3      | Reached skill level 4 in Conjurations
  2500 | D:3      | Reached XP level 4. HP: 30/30 MP: 1/8
  2561 | D:3      | Found a broken altar of Ashenzari.
  2840 | D:4      | Noticed a black bear
  3069 | D:4      | Reached XP level 5. HP: 35/35 MP: 4/9
  3074 | D:4      | Reached skill level 5 in Conjurations
  3587 | D:4      | Found a radiant altar of Vehumet.
  3596 | D:4      | Became a worshipper of Vehumet
  3775 | D:4      | Reached skill level 6 in Conjurations
  3787 | D:4      | Killed a black bear
  3788 | D:4      | Reached XP level 6. HP: 39/41 MP: 0/10
  3999 | D:4      | Reached skill level 7 in Conjurations
  4356 | D:5      | Entered Level 5 of the Dungeon
  4460 | D:5      | Gained mutation: You have a pair of small antennae on your
                  | head. [demonic ancestry]
  4460 | D:5      | Reached XP level 7. HP: 46/46 MP: 4/11
  4525 | D:5      | Learned a level 5 spell: Iskenderun's Battlesphere
  4602 | D:5      | Found a blossoming altar of Fedhas.
  5308 | D:5      | Noticed Ijyb
  5347 | D:5      | Killed Ijyb
  5362 | D:5      | Reached skill level 8 in Conjurations
  5554 | D:5      | Noticed Robin
  5580 | D:5      | Killed Robin
  5580 | D:5      | Reached * piety under Vehumet
  5580 | D:5      | Offered knowledge of Freeze by Vehumet.
  5679 | D:5      | Found a sacrificial altar of Ru.
  5892 | D:6      | Noticed Prince Ribbit
  5944 | D:6      | Found a shimmering altar of Xom.
  5944 | D:6      | Noticed an angel
  6143 | D:6      | Reached XP level 8. HP: 52/52 MP: 5/14
  6324 | D:6      | Reached skill level 9 in Conjurations
  6557 | D:6      | Killed Prince Ribbit
  6743 | D:6      | Reached skill level 5 in Spellcasting
  6827 | D:6      | Noticed Pikel
  6835 | D:6      | Killed Pikel
  6836 | D:6      | Reached skill level 10 in Conjurations
  6836 | D:6      | Gained mutation: You have a pair of antennae on your head.
                  | [demonic ancestry]
  6836 | D:6      | Reached XP level 9. HP: 57/57 MP: 2/17
  6968 | D:6      | Noticed Menkaure
  6977 | D:6      | Killed Menkaure
  7512 | D:7      | Reached skill level 11 in Conjurations
  7659 | D:7      | Killed an unseen horror
  7660 | D:7      | Reached skill level 1 in Shields
  7660 | D:7      | Reached skill level 1 in Evocations
  8337 | D:7      | Found a staircase to the Ecumenical Temple.
  8416 | D:7      | Noticed a two-headed ogre
  8420 | D:7      | Killed a two-headed ogre
  8720 | D:7      | Found an opulent altar of Gozag.
  8725 | D:7      | Found an ancient bone altar of Kikubaaqudgha.
  8734 | D:7      | Found an iron altar of Okawaru.
  8734 | D:7      | Found a basalt altar of Yredelemnul.
  8741 | D:7      | Found a burning altar of Makhleb.
  8991 | D:8      | Identified the +1 whip "Vibikh" {flame, rCorr Str+3 Dex-3}
  9005 | D:8      | Offered knowledge of Kiss of Death by Vehumet.
  9008 | D:8      | Gained mutation: You regenerate health from kills. [demonic
                  | ancestry]
  9008 | D:8      | Reached XP level 10. HP: 64/64 MP: 7/20
  9012 | D:8      | Reached ** piety under Vehumet
  9157 | D:8      | Reached skill level 1 in Fighting
  9416 | D:8      | Found a hazy altar of Hepliaklqana.
  9714 | D:9      | Noticed a two-headed ogre
  9721 | D:9      | Killed a two-headed ogre
  9763 | D:9      | Found a staircase to the Orcish Mines.
 10090 | D:9      | Noticed a two-headed ogre
 10101 | D:9      | Killed a two-headed ogre
 10102 | D:9      | Reached skill level 5 in Dodging
 10654 | D:10     | Entered Level 10 of the Dungeon
 10676 | D:9      | Offered knowledge of Inner Flame by Vehumet.
 10920 | D:10     | Reached *** piety under Vehumet
 11087 | D:10     | Found a staircase to the Lair.
 11534 | D:10     | Reached skill level 5 in Fighting
 11552 | D:10     | Reached XP level 11. HP: 44/79 MP: 6/21
 12229 | D:10     | Found Jiturr's Antique Weapon Shop.
 12252 | D:10     | Offered knowledge of Frozen Ramparts by Vehumet.
 12500 | Lair:1   | Entered Level 1 of the Lair of Beasts
 13002 | Lair:1   | Identified the +1 chain mail of the Pleiades {rElec Int+2}
 13378 | Lair:1   | Reached skill level 12 in Conjurations
 13511 | Lair:1   | Identified the +5 sling "Wecu" {freeze, Will+ SInv}
 14007 | Lair:1   | Reached **** piety under Vehumet
 14424 | Lair:2   | Offered knowledge of Sticky Flame by Vehumet.
 14445 | Lair:2   | Gained mutation: You sometimes emit foul miasma when
                  | damaged in melee. [demonic ancestry]
 14445 | Lair:2   | Reached XP level 12. HP: 37/92 MP: 10/22
 14491 | Lair:2   | Reached skill level 13 in Conjurations
 14658 | Lair:2   | Found a gate leading to a gauntlet.
 14667 | Gauntlet | Entered a Gauntlet
 14667 | Gauntlet | Found a transporter.
 14682 | Gauntlet | Noticed a hell hog
 14750 | Gauntlet | Found a transporter.
 14762 | Gauntlet | Found a transporter.
 14766 | Gauntlet | Found a transporter.
 14781 | Gauntlet | Found a transporter.
 14796 | Gauntlet | Found a transporter.
 14809 | Gauntlet | Found a transporter.
 14827 | Gauntlet | Found a transporter.
 14831 | Gauntlet | Found a transporter.
 14839 | Gauntlet | Found a transporter.
 14864 | Gauntlet | Found a transporter.
 14864 | Gauntlet | Found a transporter.
 14988 | Gauntlet | Learned a level 7 spell: Orb of Destruction
 15093 | Gauntlet | Identified the amulet "Faquapn" {RegenMP +Blink rC+ Str+3}
 15246 | Gauntlet | Noticed a minotaur
 15259 | Gauntlet | Hit by a silver javelin thrown by a minotaur

Illustrated notes

Levels and vault maps discovered:
D:1:      spicycebolla_green_bress_n_ham, layout_loops_ring
D:2:      layout_rooms, serial_shops, nicolae_shop_real_fake_doors
D:3:      layout_rooms, nicolae_overflow_ecumenical_swirl,
          nicolae_ecumenical_pavilion, minmay_misc_feat_iff
D:4:      minmay_inner_zag, layout_loops_ring, mainiacjoe_overflow_alcove_4
D:5:      layout_basic, lemuel_tele_altar, fedhas_altar_1, roderic_batcave,
          nicolae_goblin_pals
D:6:      layout_loops_ring, grunt_temple_overflow_order_and_chaos_1,
          uniq_menkaure, uniq_prince_ribbit1, uniq_pikel
D:7:      layout_basic, nicolae_overflow_hallway_of_the_gods,
          minmay_temple_entry_statues
D:8:      layout_rooms, kennysheep_mini
D:9:      layout_small_grid, orc_0_dummy, bh_circular_ruins
D:10:     layout_roguey, mainiacjoe_overflow_concentric_impassable,
          erik_lair_island, serial_shops, nicolae_shop_rolling_square,
          chequers_serial_rivers_room_a, kennysheep_dice
Lair:1:   layout_loops_ring, cheibrodos_lair_lostbears
Lair:2:   layout_cave_pods, elwin_shoals_entry_rocks,
          guppyfry_snake_entry_garden, gauntlet_entry_generic, lemuel_fruit_tree
Gauntlet: minmay_gauntlet_mixed_oops_all_seconds
          [minmay_gauntlet_arena_77_two_paths, nicolae_gauntlet_arena_blocks,
          minmay_gauntlet_arena_77_mirror, nicolae_gauntlet_swirl,
          minmay_gauntlet_arena_77_tiled_triplets,
          gammafunk_gauntlet_arena_chambers,
          nicolae_gauntlet_exit_dead_adventurers]

Skill      XL: |  1  2  3  4  5  6  7  8  9 10 11 12 |
---------------+-------------------------------------+-----
Conjurations   | 2 3 4 6 7 8 10 11 12 13 | 13.7
Spellcasting   | 4 5 7 |  7.3
Shields        | 4 |  4.0
Evocations     | 3 |  3.0
Dodging        | 2 7 8 |  8.2
Fighting       | 5 7 8 |  8.5
Stealth        | |  1.7
Summonings     | |  1.0
Translocations | |  0.8

Action                     |  1- 3 |  4- 6 |  7- 9 | 10-12 || total
---------------------------+-------+-------+-------+-------++-------
  Melee: Dagger            |    23 |     4 |       |       ||    27
         Short sword       |       |    17 |    34 |       ||    51
         Punch             |       |     1 |     1 |       ||     2
         Whip              |       |       |       |   159 ||   159
   Cast: Magic Dart        |   110 |   120 |   215 |   414 ||   859
         Iskenderun's Batt |       |       |    26 |    69 ||    95
  Evoke: Wand              |       |       |       |     9 ||     9
         Phantom mirror    |       |       |       |     1 ||     1
    Use: Potion            |     1 |     3 |     1 |     2 ||     7
         Scroll            |       |     5 |     2 |     5 ||    12
 Armour: Robe              |     9 |    23 |    37 |   104 ||   173
         Troll leather arm |       |       |       |     1 ||     1
  Dodge: Dodged            |    31 |    40 |    32 |   319 ||   422
  Block: Buckler           |       |       |     3 |   120 ||   123
